 Dungeon Crawl Stone Soup version 0.14-a0-2080-ge317583 (webtiles) character file.

9026 Piginabag the Carver (level 11, -4/105 HPs)
             Began as a White Draconian Chaos Knight on Jan 24, 2014.
             Was a Plaything of Xom.
             Slain by a wraith (5 damage)
             ... on Level 11 of the Dungeon.
             The game lasted 00:33:22 (12026 turns).

Piginabag the Carver (DrCK)                        Turns: 12026, Time: 00:33:22

HP  -4/105       AC  8     Str 13 (14) XL: 11   Next:  9%
MP  12/12        EV  7     Int 14      God: Xom
Gold 607         SH 19     Dex 12 (13) Spells:  0 memorised, 10 levels left

rFire  . . .     SeeInvis .     X - +1,-2 falchion (chaos)
rCold  + . .     Clarity  .     (armour unavailable)
rNeg   . . .     Conserve .     h - -1 elf large shield
rPois  +         rCorr    .     (helmet restricted)
rElec  .         rRot     .     z - +0 cloak
SustAb + .       Spirit   .     w - -1 pair of gloves
rMut   .         Warding  .     (no boots)
Saprov . . .     Stasis   .     W - amulet of rage
MR     .....                    m - ring of sustain abilities
                                q - ring of poison resistance

@: slowed, very slow, not resistant to hostile enchantments, unstealthy
A: breathe frost, unfitting armour, cold resistance 1, deterioration 2, mutation
resistance 1, AC +7
a: Breathe Frost, Renounce Religion, Evoke Berserk Rage


You were on level 11 of the Dungeon.
You worshipped Xom.
You were a very special plaything of Xom.
You were very hungry.

You visited 1 branch of the dungeon, and saw 11 of its levels.
You also visited: Sewer and Ossuary.

You collected 607 gold pieces.

Inventory:

Hand weapons
 a - a +1,+1 dwarven dagger
 X - a +1,-2 falchion of chaos (weapon)
Armour
 h - a -1 elven large shield (worn)
 w - a -1 pair of gloves (worn)
 z - a +0 cloak (worn)
Magical devices
 y - a wand of polymorph (1)
 B - a wand of cold (0)
 E - a wand of enslavement (9)
 Q - a wand of slowing (17) {unknown}
 U - a wand of disintegration (3)
 V - a wand of flame (0)
Comestibles
 c - 3 bread rations
 H - a rotting chunk of giant frog flesh
 J - a royal jelly
 M - a snozzcumber
 O - a meat ration
 P - a choko
 R - 2 beef jerkies
 S - 9 cheeses
 Y - an apple
 Z - 3 chunks of orc flesh
Scrolls
 b - 2 scrolls of fog
 g - 3 scrolls of magic mapping {unknown}
 j - a scroll of curse weapon
 k - 4 scrolls of remove curse
 n - 3 scrolls of teleportation
 p - 9 scrolls of identify
 r - a scroll of noise
 s - a scroll of enchant weapon III {unknown}
 x - a scroll of recharging {unknown}
 C - a scroll of summoning {unknown}
 D - a scroll of enchant weapon II {unknown}
 G - a scroll of amnesia {unknown}
 I - 2 scrolls of immolation {unknown}
 L - a scroll of fear {unknown}
 T - a scroll of curse jewellery {unknown}
Jewellery
 l - a +1 ring of intelligence
 m - a ring of sustain abilities (right hand)
 o - an uncursed ring of ice
 q - a ring of poison resistance (left hand)
 t - an uncursed ring of positive energy
 N - an uncursed ring of positive energy
 W - an amulet of rage (around neck)
Potions
 d - 2 potions of might
 e - 3 potions of curing
 f - a potion of magic
 i - a potion of poison
 u - 3 potions of brilliance {unknown}
 v - 2 potions of mutation {unknown}
 A - 3 potions of invisibility {unknown}
 F - a potion of speed {unknown}
 K - 2 potions of flight


   Skills:
 + Level 12.6 Fighting
 + Level 13.6 Long Blades
 - Level 2.1 Dodging
 - Level 0.7 Evocations


You had 10 spell levels left.
You didn't know any spells.

Dungeon Overview and Level Annotations

Branches:
Dungeon (11/16)            Temple (0/1) D:6
    Orc: D:9-12        Lair: D:8-11

Altars:
Cheibriados
Dithmengos
Makhleb
Sif Muna
Trog
Vehumet
Xom
Yredelemnul

Annotations:
D:8 1 exclusion


Innate Abilities, Weirdness & Mutations

You can breathe waves of freezing cold.
You can buffet flying creatures when you breathe cold.
Your icy white scales are hard (AC +7).
Your body does not fit into most forms of armour.
Your cold-blooded metabolism reacts poorly to cold.
Your flesh is cold resistant.
Your body is deteriorating.
You are somewhat resistant to further mutation.


Message History

* * * LOW HITPOINT WARNING * * *
The wraith drains your vigor!
You feel as though you will be slow longer.
* * * LOW HITPOINT WARNING * * *
Drink which item? (? for menu, Esc to quit)
You feel better. The wraith hits you!
* * * LOW HITPOINT WARNING * * *
Drink which item? (? for menu, Esc to quit)
You feel better. The wraith hits you.
* * * LOW HITPOINT WARNING * * *
The wraith drains your vigor!
You feel as though you will be slow longer.
* * * LOW HITPOINT WARNING * * *
The wraith hits you!
* * * LOW HITPOINT WARNING * * *
Xom roars with laughter!
The wraith drains your vigor!
You feel as though you will be slow longer.
You die...
Xom is highly amused!

###
#.....#
###
#.....#
+..
#.....#
+.#
#.....#
#.#
#.....#
#.#
#.....#
#)# .##
#W....#
#.#
#.#≈#.+
+.@...#
#..
#.###.#
#.....#
#..
#.###.#
####+##
#%.
#.###.+
#..
#.###.+
#..
#.....#
#..
#.....#
#..
#.....+
...
#.....#
.##


You could see a wraith.

Vanquished Creatures
  A fire drake (D:10)
  A griffon zombie (D:9)
  A hill giant zombie (D:8)
  A hog (D:7)
  A hungry ghost (D:11)
  2 ice beasts
  A swamp drake (D:10)
  Purgy (Sewer)
  2 orc warriors
  2 sky beasts
  4 phantoms
  A human (D:7)
  A crocodile (D:8)
  6 ogres
  5 centaurs
  A black bear (D:9)
  2 water moccasins
  2 elf zombies (Ossuary)
  3 big kobolds
  A giant frog (D:11)
  3 killer bees (D:8)
  3 wights (D:11)
  A yak zombie (D:10)
  2 jellies
  5 hounds
  A yak skeleton (D:9)
  7 crimson imps
  3 human zombies (Ossuary)
  2 centaur zombies (Ossuary)
  A goliath beetle (D:10)
  Crazy Yiuf (D:3)
  A basilisk zombie (D:9)
  2 orc priests
  A scorpion (D:5)
  2 worker ants
  3 iguanas
  5 orc wizards
  2 halflings (D:5)
  2 sheep (D:7)
  A big kobold zombie (Ossuary)
  A hound skeleton (D:4)
  A hound zombie (Ossuary)
  3 mummies (Ossuary)
  2 worker ant zombies
  8 adders
  A green rat (D:6)
  5 worms
  2 adder zombies (Ossuary)
  An adder skeleton (D:4)
  2 grey rats (D:6)
  A giant eyeball (D:3)
  4 giant geckos
  An ooze (D:5)
  An ooze (shapeshifter) (D:9)
  33 orcs
  12 bats
  3 giant cockroaches
  11 goblins
  14 hobgoblins
  5 quokkas
  A ball python (D:1)
  A giant gecko zombie (D:7)
  4 giant newts
  3 gnoll zombies (Ossuary)
  3 goblin zombies (Ossuary)
  2 hobgoblin skeletons
  4 hobgoblin zombies
  18 jackals
  2 jackal zombies (Ossuary)
  27 kobolds
  A kobold skeleton (D:6)
  A kobold zombie (Ossuary)
  2 orc skeletons
  3 orc zombies
  3 quokka zombies (Ossuary)
  11 rats
  6 rat zombies (Ossuary)
290 creatures vanquished.

Vanquished Creatures (collateral kills)
  The ghost of Jenx the Ruinous, an experienced DrCj of Vehumet (D:6)
  An adder (D:5)
  An orc (D:8)
  2 hobgoblins (D:5)
  A quokka (D:5)
  A rat (D:5)
7 creatures vanquished.

Vanquished Creatures (others)
  A spider (D:7)
  A quasit (D:6)
  An orc wizard (D:8)
  A halfling (D:5)
  A shadow imp (D:10)
  An ufetubus (D:6)
  An orc (D:9)
  A kobold (D:10)
  A rat zombie (D:6)
  A plant (D:5)
  14 toadstools (D:11)
24 creatures vanquished.

Grand Total: 321 creatures vanquished

Notes
Turn   | Place    | Note
--------------------------------------------------------------
     0 | D:1      | Piginabag, the Draconian Chaos Knight, began the quest for the Orb.
     0 | D:1      | Reached XP level 1. HP: 19/19 MP: 1/1
   166 | D:1      | You fall through a shaft!
   175 | D:2      | Reached XP level 2. HP: 23/26 MP: 2/2
   248 | D:2      | XOM: harmless Divn miscast
   400 | D:2      | XOM: divination: detect creatures
   463 | D:2      | XOM: divination: detect creatures
   541 | D:2      | Reached XP level 3. HP: 33/33 MP: 3/3
   759 | D:1      | XOM: divination: detect items
   885 | D:1      | Reached skill level 4 in Fighting
  1254 | D:1      | XOM: mild Hex miscast
  1344 | D:3      | Found a bloodstained altar of Trog.
  1523 | D:3      | XOM: scenery: 1 doors close
  1710 | D:3      | Noticed a centaur
  1715 | D:3      | XOM: divination: detect creatures
  1720 | D:3      | Killed a centaur
  1720 | D:3      | Reached XP level 4. HP: 20/41 MP: 4/4
  1912 | D:3      | Noticed Crazy Yiuf
  1954 | D:3      | XOM: confuse monster(s)
  1956 | D:3      | Killed Crazy Yiuf
  1956 | D:3      | Reached XP level 5. HP: 47/47 MP: 5/5
  2073 | D:3      | Reached skill level 5 in Long Blades
  2128 | D:3      | Found a burning altar of Makhleb.
  2128 | D:3      | XOM: vitrification
  2151 | D:3      | XOM: cast spell 'Statue Form'
  2438 | D:4      | Reached skill level 5 in Fighting
  2474 | D:4      | XOM: confusion (+ monsters)
  2515 | D:4      | Noticed a phantom
  2521 | D:4      | XOM: summons 2 hostile demons
  2533 | D:4      | XOM: confusion (+ monsters)
  2538 | D:4      | XOM: medium Tloc miscast
  2560 | D:4      | XOM: confusion (+ monsters)
  2572 | D:4      | XOM: potion effect (curing)
  2579 | D:4      | XOM: divination: detect creatures
  2580 | D:5      | Entered Level 5 of the Dungeon
  2757 | D:5      | XOM: medium Summ miscast
  2797 | D:5      | XOM: 2-stop teleportation journey
  2798 | D:5      | Noticed a phantom
  2799 | D:5      | Noticed an ogre
  2808 | D:5      | XOM: chaos upgrade
  2812 | D:5      | XOM: harmless Trmt miscast
  2842 | D:5      | XOM: noise
  2843 | D:5      | XOM: enchant monster (bad)
  2855 | D:4      | Reached XP level 6. HP: 10/56 MP: 6/6
  2970 | D:4      | XOM: draining
  3217 | D:4      | XOM: polymorph orc priest -> giant frog
  3228 | D:4      | Noticed a mottled dragon
  3228 | D:4      | a giant frog changed into a mottled dragon
  3228 | D:4      | XOM: polymorph giant frog -> mottled dragon
  3231 | D:4      | HP: 1/56 [burnt (9)]
  3237 | D:4      | a mottled dragon changed into a tengu
  3384 | D:5      | Killed an ogre
  3415 | D:5      | Killed a phantom
  3415 | D:5      | Reached skill level 6 in Long Blades
  3550 | D:5      | XOM: 4-stop teleportation journey
  3565 | D:5      | XOM: enchant monster (good)
  3601 | D:6      | Noticed Jenx's ghost (experienced DrCj)
  3616 | D:6      | Found a staircase to the Ecumenical Temple.
  3678 | D:5      | XOM: confuse monster(s)
  3684 | D:5      | Noticed an ogre
  3688 | D:5      | XOM: enchant monster (good)
  3710 | D:5      | Noticed a centaur
  3730 | D:5      | Killed an ogre
  3730 | D:5      | Your scales start taking on an icy white colour.
  3730 | D:5      | Gained mutation: Your flesh is cold resistant. [draconian maturity]
  3730 | D:5      | Reached XP level 7. HP: 15/62 MP: 7/7
  3745 | D:5      | XOM: harmless Trmt miscast
  3830 | D:5      | XOM: 1-stop teleportation journey
  3832 | D:5      | XOM: blink monster(s)
  3834 | D:5      | XOM: cast spell 'Summon Scorpions'
  3837 | D:5      | Killed a centaur
  3837 | D:5      | Reached skill level 7 in Long Blades
  3858 | D:5      | XOM: give mutations
  3858 | D:5      | Gained mutation: Your body is slowly deteriorating. [Xom's mischief]
  3858 | D:5      | Gained mutation: Your body is deteriorating. [Xom's mischief]
  3956 | D:5      | XOM: 1-stop teleportation journey
  3989 | D:5      | XOM: confuse monster(s)
  4052 | D:5      | XOM: swap monsters
  4203 | D:5      | Noticed an ice beast
  4232 | D:5      | Killed an ice beast
  4322 | D:5      | Found a basalt altar of Yredelemnul.
  4322 | D:5      | Found a bloodstained altar of Trog.
  4570 | D:6      | Found a sand-covered staircase.
  4585 | D:6      | Reached skill level 8 in Long Blades
  4585 | D:6      | Reached XP level 8. HP: 43/71 MP: 8/8
  4597 | Ossuary  | Entered an ossuary
  4632 | Ossuary  | XOM: give mutation
  4632 | Ossuary  | Gained mutation: You are somewhat resistant to further mutation. [Xom's mischief]
  4888 | Ossuary  | XOM: swap monsters
  4940 | Ossuary  | XOM: blink monster(s)
  5102 | Ossuary  | XOM: mild Conj miscast
  5189 | Ossuary  | XOM: silly message
  5198 | Ossuary  | XOM: cast spell 'Tukima's Dance'
  5236 | Ossuary  | XOM: cast spell 'Stoneskin'
  5855 | D:6      | XOM: cast spell 'Dispersal'
  5857 | D:6      | XOM: divination: detect items
  5863 | D:6      | XOM: potion effect (speed)
  5983 | D:6      | XOM: potion effect (agility)
  6012 | D:6      | Reached skill level 9 in Long Blades
  6044 | D:6      | Found a glowing drain.
  6077 | D:6      | XOM: cast spell 'Metabolic Englaciation'
  6095 | Sewer    | Entered a sewer
  6387 | Sewer    | Noticed Purgy
  6408 | Sewer    | XOM: potion effect (brilliance)
  6425 | Sewer    | Killed Purgy
  6496 | Sewer    | XOM: divination: detect items
  6607 | Sewer    | XOM: divination: detect creatures
  6810 | D:6      | XOM: summons 8 friendly demons
  6833 | D:6      | Killed Jenx's ghost
  7178 | D:7      | Reached XP level 9. HP: 76/82 MP: 10/10
  7181 | D:7      | Found a shadowy altar of Dithmengos.
  7339 | D:7      | Found a shimmering altar of Xom.
  7339 | D:7      | Found a shimmering altar of Xom.
  7339 | D:7      | Found a shimmering altar of Xom.
  7362 | D:7      | Found a shimmering altar of Xom.
  7493 | D:7      | Reached skill level 10 in Long Blades
  7649 | D:7      | XOM: divination: detect creatures
  7968 | D:8      | Found a deep blue altar of Sif Muna.
  7968 | D:8      | XOM: 4-stop teleportation journey
  8083 | D:8      | XOM: divination: detect items
  8257 | D:8      | XOM: potion effect (experience)
  8257 | D:8      | Reached skill level 12 in Fighting
  8257 | D:8      | Reached XP level 10. HP: 81/97 MP: 11/11
  8382 | D:8      | Found a radiant altar of Vehumet.
  8450 | D:8      | XOM: silly message
  8461 | D:8      | XOM: potion effect (agility)
  8488 | D:8      | XOM: harmless Tloc miscast
  8524 | D:8      | XOM: cast spell 'Dispersal'
  8532 | D:8      | XOM: harmless Ice miscast
  8540 | D:8      | XOM: confuse monster(s)
  8614 | D:8      | XOM: divination: detect items
  8926 | D:8      | Reached skill level 13 in Long Blades
  9112 | D:8      | XOM: silly message
  9135 | D:8      | XOM: divination: detect creatures
  9616 | D:9      | XOM: silly message
  9740 | D:9      | XOM: harmless Trmt miscast
  9920 | D:9      | Found a snail-covered altar of Cheibriados.
 10400 | D:10     | Entered Level 10 of the Dungeon
 10429 | D:10     | XOM: divination: detect items
 10430 | D:10     | XOM: divination: detect items
 10432 | D:10     | XOM: summons friendly shadow imp
 10674 | D:10     | XOM: cast spell 'Beastly Appendage'
 10692 | D:10     | Noticed a centaur warrior
 10695 | D:10     | Paralysed by a potion of paralysis for 7 turns
 10704 | D:10     | XOM: mild Tloc miscast
 11091 | D:10     | XOM: mild Tloc miscast
 11110 | D:10     | XOM: harmless Ice miscast
 11179 | D:10     | Reached XP level 11. HP: 29/105 MP: 12/12
 11276 | D:10     | XOM: 1-stop teleportation journey
 11284 | D:10     | XOM: noise
 11286 | D:10     | XOM: silly message
 11369 | D:10     | Noticed a hill giant
 11408 | D:10     | XOM: harmless Fire miscast
 11409 | D:10     | XOM: swap weapons
 11496 | D:11     | XOM: colour smoke trail
 11607 | D:11     | XOM: 3-stop teleportation journey
 11998 | D:11     | XOM: 3-stop teleportation journey
 12006 | D:11     | XOM: enchant monster (bad)
 12022 | D:11     | HP: 3/105 [wraith (6)]
 12026 | D:11     | HP: 1/105 [wraith (16)]
 12026 | D:11     | Slain by a wraith

Action                   |  1- 3 |  4- 6 |  7- 9 | 10-12 || total
-------------------------+-------+-------+-------+-------++-------
Melee: Falchion          |   119 |   222 |   632 |   543 ||  1516
       Unarmed           |       |       |    46 |       ||    46
       Dagger            |       |       |       |     3 ||     3
 Abil: Breathe Frost     |       |       |    15 |    14 ||    29
Evoke: Wand              |       |     1 |     3 |    16 ||    20
  Use: Scroll            |       |     8 |     2 |     1 ||    11
       Potion            |       |     3 |     2 |    12 ||    17
 Stab: Paralysed         |     2 |       |    11 |    19 ||    32
       Sleeping          |     1 |       |       |       ||     1
       Confused          |       |     5 |     5 |     4 ||    14
       Petrifying        |       |       |     4 |     3 ||     7
       Petrified         |       |       |     6 |    11 ||    17
       Distracted        |       |       |       |     1 ||     1
